 Dungeon Crawl Stone Soup version 0.29-a0-234-g0dae59b3db (webtiles) character file.

Game seed: 13083077755845644067

9 sammy202020 the Skirmisher (level 2, 24/24 HPs)
             Began as a Demonspawn Berserker on Mar 2, 2022.
             Was a Follower of Trog.
             Quit the game on level 1 of the Dungeon.
             The game lasted 00:00:31 (237 turns).

sammy202020 the Skirmisher (Demonspawn Berserker)    Turns: 237, Time: 00:00:32

Health: 24/24      AC:  8    Str: 17    XL:     2   Next: 3%
Magic:  2/2        EV:  7    Int:  8    God:    Trog [*.....]
Gold:   0          SH:  0    Dex: 12    Spells: 1/1 levels left

rFire   . . .      SeeInvis .   a - +0 hand axe
rCold   . . .      Faith    .   (no shield)
rNeg    . . .      Spirit   .   d - +0 chain mail
rPois   .          Reflect  .   (no helmet)
rElec   .          Harm     .   (no cloak)
rCorr   .          Rampage  .   (no gloves)
Will    .....                   (no boots)
Stlth   ..........              (no amulet)
HPRegen 0.08/turn               (no ring)
MPRegen 0.08/turn               (no ring)

@: no status effects
A: claws 1
a: Renounce Religion, Berserk


You were on level 1 of the Dungeon.
You worshipped Trog.
Trog was aware of your devotion.
You visited 1 branch of the dungeon, and saw 1 of its levels.

Inventory:

Hand Weapons
 a - a +0 hand axe (weapon)
Armour
 d - a +0 chain mail (worn)
Scrolls
 b - a scroll of brand weapon {unknown}
 c - a scroll of immolation {unknown}


   Skills:
 + Level 3.1 Fighting
 + Level 2.8 Axes
 + Level 2.0 Armour
 + Level 2.0 Dodging


You had one spell level left.
You didn't know any spells.
Your spell library was empty.

Dungeon Overview and Level Annotations

Branches:
Dungeon (1/15)

Altars:


Innate Abilities, Weirdness & Mutations

You have sharp fingernails.


Message History

No target in view!
No target in view!
No target in view!
No target in view!
No target in view!
No target in view!
No target in view!
No target in view!
No target in view!
No target in view!
b - a scroll labelled NIYKHAU ZOSYD A rat comes into view.
A rat is nearby!
You hit the rat.
You kill the rat!
Trog accepts your kill.
Your Dodging skill increases to level 2!
No target in view!
No target in view!
You see here a rat corpse.
A kobold comes into view. It is wielding a +0 dagger.
The kobold shouts!
A kobold is nearby!
A kobold is nearby!
You hit the kobold.
The kobold is severely wounded.
The kobold barely misses you. The kobold hits you with a +0 dagger.
You hit the kobold.
You kill the kobold!
Trog accepts your kill.
Your Armour skill increases to level 2!
You have reached level 2!
Your demonic ancestry asserts itself...
Your fingernails lengthen.
Things that are here:
a +0 dagger; a kobold corpse
Found a leather armour.
A ball python and an endoplasm come into view.
The ball python hisses angrily.
Are you sure you want to abandon this character and quit the game? (Confirm with "yes".) ..# ###.###### ..###.# ≈≈♣≈♣≈≈≈≈# .....[# .P...P..≈# S.....# PPP.PPP.≈#

.J....# . .P...P..≈#
......# .. .......♣♣###
...:..# #####..
...<|......######......#
##......
.......♣♣#......@..#...#
#.......
.♣...P..≈###.......##..#
#...†... ♣♣♣.PPP.≈#
#.......##.>###.......
.♣...P..≈#
#.......##.......#####
≈≈♣≈♣≈≈≈≈#
#.......##.......#
###.######
#.......##.......#
#.########.......###†####.#
#.(................[.# #.#
###############.#########.#


You could see an endoplasm and a ball python.

Vanquished Creatures
  4 jackals (D:1)
  A kobold (D:1)
  3 rats (D:1)
8 creatures vanquished.

Vanquished Creatures (others)
  2 plants (D:1)
  5 toadstools (D:1)
7 creatures vanquished.

Grand Total: 15 creatures vanquished

Notes
Turn   | Place    | Note
-------+----------+-------------------------------------------
     0 | D:1      | sammy202020 the Demonspawn Berserker began the quest for
                  | the Orb.
     0 | D:1      | Reached XP level 1. HP: 18/18 MP: 1/1
   205 | D:1      | Gained mutation: You have sharp fingernails. [demonic
                  | ancestry]
   205 | D:1      | Reached XP level 2. HP: 23/24 MP: 2/2
   237 | D:1      | Quit the game

Illustrated notes

Levels and vault maps discovered:
D:1:      ldierk_walled_garden, layout_basic

Skill      XL: |  1 |
---------------+----+-----
Dodging        | 2 |  2.0
Armour         | 2 |  2.0
Fighting       | |  3.1
Axes           | |  2.8

Action                   || total
-------------------------++-------
Melee: Hand axe          ||    11
Armor: Chain mail        ||     7
Dodge: Dodged            ||     6

Table legend: (Time is in decaauts)
 A = Elapsed time spent in this place.
 B = Non-inter-level travel time spent in this place.
 C = Inter-level travel time spent in this place.
 D = Time resting spent in this place.
 E = Time spent auto-exploring this place.
 F = Levels seen in this place.
 G = Mean time per level.
                   A        B        C        D        E       F      G
               +--------+--------+--------+--------+--------+-----+--------+
         Total |    239 |    239 |      0 |      0 |    186 |   1 |  239.0 |
       Dungeon |    239 |    239 |      0 |      0 |    186 |   1 |  239.0 |
               +--------+--------+--------+--------+--------+-----+--------+

Top non-repeatable levels by time:
     D:1: 239 daAuts
